 Dungeon Crawl Stone Soup version 0.22-a0-542-gce4f928 (webtiles) character file.

25328 Amnesiac the Eclecticist (level 12, -25/65 HPs)
             Began as a Spriggan Earth Elementalist on June 25, 2018.
             Was a High Priest of Ashenzari.
             Killed from afar by inc's ghost (26 damage)
             ... with a fireball
             ... on level 4 of the Lair of Beasts.
             The game lasted 00:37:51 (15157 turns).

Amnesiac the Eclecticist (SpEE)                    Turns: 15157, Time: 00:37:52

Health: -25/65     AC:  6    Str:  4    XL:     12   Next: 88%
Magic:  20/42      EV: 28    Int: 20    God:    Ashenzari [*****.]
Gold:   756        SH:  7    Dex: 18    Spells: 28/43 levels left

rFire    . . .     SeeInvis +   a - +0 dagger (curse)
rCold    . . .     Gourm    .   M - +2 buckler
rNeg     . . .     Faith    .   A - +0 animal skin (curse)
rPois    .         Spirit   .   (helmet restricted)
rElec    .         Reflect  .   y - +1 cloak
rCorr    .         Harm     .   (gloves unavailable)
MR       ++...     Clarity  +   (boots unavailable)
Stlth    +++++.....             v - amulet of the acrobat
HPRegen  0.20/turn              n - +4 ring of slaying
MPRegen  0.28/turn              r - ring of magical power

@: invisible, very quick
A: very small, unfitting armour, slimy green scales 1, see invisible, herbivore,
speed 3, mutation resistance 1, slow metabolism 2
a: Curse Item, Scrying, Transfer Knowledge, Renounce Religion


You were on level 4 of the Lair of Beasts.
You worshipped Ashenzari.
Ashenzari was extremely pleased with you.
You were not hungry.

You visited 3 branches of the dungeon, and saw 16 of its levels.
You also visited: Sewer.

You collected 809 gold pieces.
You spent 53 gold pieces at shops.

Inventory:

Hand Weapons
 a - a cursed +0 dagger (weapon)
Missiles
 q - 84 stones (quivered)
 J - a throwing net
Armour
 y - a +1 cloak (worn)
 A - a cursed +0 animal skin (worn)
 M - a +2 buckler (worn)
Jewellery
 n - a +4 ring of slaying (left hand)
 r - a ring of magical power (right hand)
 v - an amulet of the acrobat (around neck)
 K - an uncursed ring of flight
Wands
 k - a wand of disintegration (15)
 E - a wand of paralysis (14)
 I - a wand of iceblast (17)
Scrolls
 b - 2 scrolls of immolation {!r, unknown}
 c - 2 scrolls of magic mapping {!r}
 f - 10 scrolls of teleportation {!r}
 t - 4 scrolls of remove curse {!r}
 u - 4 scrolls of enchant armour {!r}
 x - 2 scrolls of blinking {!r, unknown}
 z - a scroll of enchant weapon {!r}
 B - 6 scrolls of identify {!r}
 D - a scroll of amnesia {!r}
 F - a scroll of holy word {!r, unknown}
 G - 3 scrolls of fear {!r, unknown}
Potions
 e - 4 potions of mutation {!q}
 g - a potion of might {!q, unknown}
 h - 2 potions of agility {!q, unknown}
 i - 4 potions of curing {!q}
 j - 2 potions of flight {!q}
 l - a potion of magic {!q, unknown}
 m - 2 potions of berserk rage {!q}
 o - 2 potions of degeneration {!q, unknown}
 p - 2 potions of heal wounds {!q}
 s - a potion of invisibility {!q}
 w - 3 potions of lignification {!q}
 C - 3 potions of brilliance {!q, unknown}
 H - a potion of cancellation {!q, unknown}
Miscellaneous
 L - a box of beasts
Comestibles
 d - 22 rations


   Skills:
 + Level 8.6 Fighting
 - Level 6.2(10.3) Short Blades
 - Level 12.4 Dodging
 - Level 10.0 Stealth
 * Level 0.1 Shields
 - Level 16.0 Spellcasting
 - Level 5.0 Transmutations
 - Level 5.0 Earth Magic


You had 28 spell levels left.
You knew the following spells:

 Your Spells              Type           Power        Failure   Level  Hunger
a - Sandblast             Erth           #####.       1%          1    None
b - Passwall              Tmut/Erth      #####...     1%          2    None
d - Lee's Rapid Deconstr  Erth           #####.....   22%         5    ###....
e - Petrify               Tmut/Erth      #####...     8%          4    None
v - Blink                 Tloc           N/A          10%         2    None
z - Confusing Touch       Hex            ###...       6%          1    None

Your spell library contained the following spells:

 Spells                   Type           Power        Failure   Level  Hunger
 Cause Fear               Hex            ###.......   52%         4    None
 Magic Dart               Conj           ###.         6%          1    None
 Fireball                 Conj/Fire      ###.......   86%         5    ###....
 Conjure Flame            Conj/Fire      ###.....     19%         3    None
 Bolt of Fire             Conj/Fire      ###.......   100%        6    #####..
 Slow                     Hex            ###.....     10%         2    None
 Confuse                  Hex            ###.....     19%         3    None
 Throw Flame              Conj/Fire      ###...       10%         2    None
 Mephitic Cloud           Conj/Pois/Air  ###.....     19%         3    None
 Ring of Flames           Chrm/Fire      ###.......   100%        7    ######.
 Sticky Flame             Conj/Fire      ###.....     52%         4    None
 Call Imp                 Summ           ###.....     10%         2    None
 Regeneration             Chrm/Necr      ###.......   19%         3    None
 Tukima's Dance           Hex            ###.....     19%         3    None
 Stone Arrow              Conj/Erth      ####..       7%          3    None
 Flame Tongue             Conj/Fire      ###..        6%          1    None
 Ignite Poison            Fire/Tmut/Pois ###.....     10%         3    None
 Ensorcelled Hibernation  Hex/Ice        ###...       10%         2    None
 Metabolic Englaciation   Hex/Ice        ###.......   86%         5    ###....
 Corona                   Hex            ###....      6%          1    None
 Portal Projectile        Hex/Tloc       ###...       19%         3    None
 Leda's Liquefaction      Hex/Erth       ####......   22%         4    None
 Shroud of Golubria       Chrm/Tloc      ###.......   10%         2    None
 Inner Flame              Hex/Fire       ###.....     19%         3    None
 Dazzling Spray           Conj/Hex       ###...       19%         3    None
 Infusion                 Chrm           ###.         6%          1    None
 Song of Slaying          Chrm           ###.....     10%         2    None
 Spectral Weapon          Hex/Chrm       ###.....     19%         3    None
 Gell's Gravitas          Tloc           ###.......   19%         3    None
 Yara's Violent Unravell  Hex/Tmut       ####......   52%         5    ###....
 Ignition                 Fire           ###.......   100%        8    #######


Dungeon Overview and Level Annotations

Branches:
Dungeon (11/15)            Temple (1/1) D:6            Lair (4/6) D:9
  Swamp (0/4) Lair:2       Spider (0/4) Lair:3          Orc (0/2) D:11

Altars:
Ashenzari
Cheibriados
Gozag
Hepliaklqana
Makhleb
Nemelex Xobeh
Qazlal
Ru
Sif Muna
Trog
Uskayaw
Vehumet
Wu Jian
Yredelemnul
The Shining One

Shops:
D:5 *   D:7 %

Annotations:
Lair:4 inc's ghost, journeyman GnFE


Innate Abilities, Weirdness & Mutations

You are very small and have problems with some larger weapons.
You are too small for most types of armour.
You have supernaturally acute eyesight. (SInv)
You are a herbivore.
You cover ground extremely quickly.
You need to consume almost no food.
You are partially covered in slimy green scales. (AC +2)
You are somewhat resistant to further mutation.


Message History

Wear which item? (? for menu, Esc to quit)
That's the wrong kind of item! (Use * to select it.) Wear which item? (? for menu, Esc to quit)
Okay, then.
Wear which item? (? for menu, Esc to quit)
That's the wrong kind of item! (Use * to select it.) Wear which item? (? for menu, Esc to quit)
Okay, then.
Okay, then.
Wear which item? (? for menu, Esc to quit)
You start putting on your armour.
You continue putting on your uncursed enchanted buckler. x4
You finish putting on your +2 buckler.
Okay, then.
q - 78 stones (gained 1)
q - 83 stones (gained 5)
Things that are here:
a +0 dagger; a +0 robe; a spriggan corpse
q - 84 stones (gained 1)
A porcupine comes into view.
A porcupine is nearby!
A porcupine is nearby!
Found an uncursed ring of poison resistance.
Casting: Petrify (safe; 8% risk of failure)
Confirm with . or Enter, or press ? or * to list all spells.
You can't see any susceptible monsters within range! (Use Z to cast anyway.)
Casting: Petrify (safe; 8% risk of failure)
Confirm with . or Enter, or press ? or * to list all spells.
Aiming: Petrify (safe; 8% risk of failure)
Press: ? - help, Shift-Dir - straight line, f - porcupine
Aim: a porcupine (hasn't noticed you, chance to defeat MR: 64%)
The porcupine is moving more slowly.
Unknown command.
The porcupine stops moving altogether!
You are struck by the porcupine's spines.
The helpless porcupine fails to defend itself.
You skewer the porcupine like a kebab!!!!
You kill the porcupine!
Inc's ghost shouts, "Death is your only future!"
Inc's ghost gestures at you while chanting.
The fireball explodes!
The fireball engulfs you!
Ouch! That really hurt!
* * * LOW HITPOINT WARNING * * *
You hear a howl!
Search for what [Enter for "net", or ? for help]?
Okay, then.
Unknown command.
Press: ? - help, v - describe, . - travel
Here: inc's ghost, wielding a weapon of flaming The floor.
Unknown command.
Press: ? - help, v - describe, . - travel
Here: inc's ghost, wielding a weapon of flaming The floor.
Okay, then.
Okay, then.
Press: ? - help, v - describe, . - travel
Here: inc's ghost, wielding a weapon of flaming The floor.
Really quaff
s - 2 potions of invisibility {!q}?
You fade into invisibility!
Inc's ghost points at you and mumbles some strange words.
The fireball explodes!
The fireball engulfs you!
You die...

....................##♣....#.....
....................#♣.....'.....
#########...........#≈..)..'.....
# #..........#P.....'..... ***
*#.####....##P.:..#..... ** , ,*
*## #....###≈P.##..... , * # *
#.....#######..... *,, ,,
#.###..W.......###P... , ,, , *
#....@...##..P#.##P... , >,
#........#########.... ,,, *
#####....P#####..#.).. ,,
..#.....###..##.##... , , *
#..................... * , *
#..................... *
=..................... # ** **
...................... ##♣♣ ,*
......................


You could see inc's ghost.

Vanquished Creatures
  A hydra (Lair:4)
  2 two-headed ogres
  3 unseen horrors
  Pikel (D:9)
  2 ugly things (D:11)
  A cyclops (D:11)
  A gargoyle (D:11)
  2 komodo dragons (Lair:2)
  2 spiny frogs
  2 rime drakes (Lair:2)
  A polar bear (Lair:4)
  6 trolls
  3 jumping spiders (Lair:3)
  8 blink frogs
  6 hippogriffs
  A spriggan (Lair:4)
  A vampire (D:10)
  2 redbacks (Lair:3)
  21 yaks
  2 wyverns
  3 hogs (D:9)
  A human (D:9)
  Grum (D:11)
  A basilisk (Lair:4)
  A hungry ghost (D:11)
  6 water moccasins
  An acid dragon (D:6)
  4 porcupines
  3 slaves (D:9)
  4 orc warriors (D:11)
  2 black bears
  6 sky beasts
  Purgy (Sewer)
  3 ice beasts
  A phantom (D:5)
  An eye of draining (D:11)
  2 necrophages
  4 wolves
  An ogre (D:7)
  4 centaurs
  6 crocodiles
  A big kobold (D:11)
  13 bullfrogs
  A wyvern skeleton (D:5)
  3 scorpions
  13 killer bees
  4 howler monkeys
  3 electric eels (D:11)
  3 crimson imps
  3 centaur zombies
  A gnoll shaman (D:5)
  2 jellies
  A bullfrog skeleton (D:9)
  6 orc priests
  8 hounds
  Natasha (thrice) (D:2)
  4 centaur skeletons
  10 orc wizards
  3 iguanas
  8 worker ants
  3 hound zombies
  A hound skeleton (D:9)
  A worker ant zombie (D:5)
  10 gnolls
  2 howler monkey skeletons
  14 adders
  3 river rats (D:6)
  A shadow imp (D:5)
  An adder skeleton (D:7)
  4 worms
  A dart slug (D:2)
  6 leopard geckos
  55 orcs
  10 bats
  6 giant cockroaches
  8 goblins
  9 hobgoblins
  6 jackals
  5 quokkas
  A ball python (D:6)
  8 frilled lizards
  14 kobolds
  A leopard gecko skeleton (D:7)
  A quokka skeleton (D:7)
  A quokka zombie (D:7)
  6 rats
392 creatures vanquished.

Vanquished Creatures (others)
  A slave (D:9)
  A fungus (Lair:4)
2 creatures vanquished.

Grand Total: 394 creatures vanquished

Notes
Turn   | Place    | Note
-------+----------+-------------------------------------------
     0 | D:1      | Amnesiac the Spriggan Earth Elementalist began the quest for the Orb.
     0 | D:1      | Reached XP level 1. HP: 9/9 MP: 5/5
   294 | D:1      | Reached skill level 3 in Spellcasting
   294 | D:1      | Reached XP level 2. HP: 13/13 MP: 7/7
   325 | D:1      | Learned a level 2 spell: Passwall
   845 | D:3      | Reached XP level 3. HP: 14/16 MP: 4/8
   902 | D:3      | Reached XP level 4. HP: 21/21 MP: 2/9
   921 | D:4      | Learned a level 4 spell: Petrify
  1023 | D:5      | Entered Level 5 of the Dungeon
  1204 | D:5      | Noticed a water moccasin
  1255 | D:6      | Found a staircase to the Ecumenical Temple.
  1266 | Temple   | Entered the Ecumenical Temple
  1308 | Temple   | Became a worshipper of Ashenzari the Shackled
  1349 | D:5      | Found Libudd's Assorted Antiques.
  1359 | D:5      | Bought a sapphire potion for 17 gold pieces
  1359 | D:5      | Bought a black potion for 17 gold pieces
  1435 | D:6      | Reached XP level 5. HP: 18/24 MP: 4/11
  1449 | D:6      | Found a glowing drain.
  1732 | Sewer    | Entered a sewer
  1843 | Sewer    | Noticed Purgy
  1849 | Sewer    | Killed Purgy
  1849 | Sewer    | Reached skill level 1 in Short Blades
  1849 | Sewer    | Reached skill level 4 in Spellcasting
  1967 | D:6      | Reached XP level 6. HP: 28/28 MP: 9/13
  1974 | D:6      | Learned a level 5 spell: Lee's Rapid Deconstruction
  2115 | D:5      | Bought a scroll labeled JOSOIMI JAPRO for 19 gold pieces
  2150 | D:5      | Learned a level 1 spell: Sandblast
  2183 | D:5      | Noticed an ice beast
  2208 | D:5      | Killed an ice beast
  2215 | D:5      | Reached skill level 5 in Earth Magic
  2247 | D:5      | Reached skill level 5 in Transmutations
  2274 | D:5      | Reached XP level 7. HP: 32/32 MP: 2/15
  2459 | D:3      | Reached skill level 5 in Spellcasting
  2504 | D:3      | Reached * piety under Ashenzari
  2542 | D:2      | Noticed Natasha
  2611 | D:2      | Killed Natasha
  2671 | D:2      | Found a bloodstained altar of Trog.
  2673 | D:2      | Noticed Natasha
  2680 | D:2      | Killed Natasha
  2680 | D:2      | Reached skill level 6 in Spellcasting
  2774 | D:2      | Noticed Natasha
  2782 | D:2      | Killed Natasha
  2834 | D:2      | Found an ornate altar of the Wu Jian Council.
  2901 | D:2      | Learned a level 1 spell: Confusing Touch
  3119 | D:3      | Found a sparkling altar of Nemelex Xobeh.
  3640 | D:3      | Reached skill level 7 in Spellcasting
  3920 | D:4      | Found a glowing golden altar of the Shining One.
  4328 | D:2      | Gained mutation: You are partially covered in slimy green scales. (AC +2) [potion of mutation]
  4328 | D:2      | Gained mutation: You are somewhat resistant to further mutation. [potion of mutation]
  4355 | D:2      | Identified the +0 ring mail of Secouz Nyek {-Tele MR+ rCorr Str+8} (You found it on level 6 of the Dungeon)
  4474 | D:5      | Reached skill level 8 in Spellcasting
  4474 | D:5      | Reached XP level 8. HP: 30/36 MP: 13/21
  4534 | D:5      | Reached skill level 9 in Spellcasting
  4731 | D:5      | Found a hide-covered altar of Uskayaw.
  4835 | D:5      | Reached skill level 10 in Spellcasting
  5127 | D:6      | Reached skill level 11 in Spellcasting
  5495 | D:6      | Found a deep blue altar of Sif Muna.
  5556 | D:6      | Reached ** piety under Ashenzari
  5560 | D:6      | Reached XP level 9. HP: 36/39 MP: 19/25
  5715 | D:7      | Found a burning altar of Makhleb.
  5717 | D:7      | Found a radiant altar of Vehumet.
  5834 | D:7      | Found Nostra Isiu's Food Emporium.
  5864 | D:7      | Reached skill level 12 in Spellcasting
  6597 | D:8      | Found a hazy altar of Hepliaklqana.
  6619 | D:8      | Found a snail-covered altar of Cheibriados.
  6636 | D:8      | Found a deep blue altar of Sif Muna.
  6648 | D:8      | Found a sacrificial altar of Ru.
  6733 | D:8      | Noticed a two-headed ogre
  6773 | D:8      | Killed a two-headed ogre
  6773 | D:8      | Reached skill level 13 in Spellcasting
  6797 | D:8      | Reached skill level 14 in Spellcasting
  7028 | D:8      | Found a basalt altar of Yredelemnul.
  7104 | D:8      | Found a shattered altar of Ashenzari.
  7123 | D:8      | Paralysed by an orc for 3 turns
  7385 | D:8      | Learned a level 2 spell: Blink
  7518 | D:9      | Reached XP level 10. HP: 33/44 MP: 25/29
  7594 | D:9      | Reached skill level 15 in Spellcasting
  7843 | D:9      | Reached skill level 5 in Stealth
  7928 | D:9      | Found a stormy altar of Qazlal.
  7951 | D:9      | Noticed Pikel
  7987 | D:9      | Killed Pikel
  8158 | D:9      | Reached skill level 5 in Short Blades
  8338 | D:9      | Reached *** piety under Ashenzari
  8553 | D:9      | Found a staircase to the Lair.
  8674 | D:9      | Reached skill level 1 in Fighting
  8778 | D:10     | Entered Level 10 of the Dungeon
  8810 | D:10     | Reached skill level 5 in Dodging
  9178 | D:10     | Reached XP level 11. HP: 26/50 MP: 0/31
  9294 | D:10     | Noticed an unseen horror
  9305 | D:10     | Killed an unseen horror
  9632 | D:11     | Noticed an unseen horror
  9637 | D:11     | Killed an unseen horror
  9646 | D:11     | Noticed a two-headed ogre
  9646 | D:11     | Killed a two-headed ogre
  9808 | D:11     | Reached skill level 10 in Dodging
 10084 | D:11     | Noticed a white ugly thing
 10160 | D:11     | Killed a white ugly thing
 10490 | D:11     | Noticed Grum
 10848 | D:11     | Reached skill level 5 in Fighting
 10849 | D:11     | Reached **** piety under Ashenzari
 11064 | D:11     | Killed Grum
 11197 | D:11     | Noticed an unseen horror
 11209 | D:11     | Killed an unseen horror
 11319 | D:11     | Found a staircase to the Orcish Mines.
 11550 | D:11     | Reached XP level 12. HP: 62/62 MP: 15/32
 11847 | Lair:1   | Entered Level 1 of the Lair of Beasts
 12561 | Lair:2   | Found a staircase to the Swamp.
 13213 | Lair:3   | Found a hole to the Spider Nest.
 13539 | Lair:3   | Reached skill level 10 in Stealth
 14031 | Lair:3   | Reached ***** piety under Ashenzari
 14667 | Lair:4   | Reached skill level 16 in Spellcasting
 14942 | Lair:4   | Noticed an 11-headed hydra
 14943 | Lair:4   | Found a runed gate.
 14945 | Lair:4   | Noticed inc's ghost (journeyman GnFE)
 14946 | Lair:4   | Found a runed gate.
 14948 | Lair:4   | Found a runed gate.
 15057 | Lair:4   | Killed an 11-headed hydra
 15156 | Lair:4   | HP: 1/65 [inc's ghost/fireball (47)]
 15157 | Lair:4   | Killed from afar by inc's ghost

Vault maps used:
D:1:      dpeg_arrival_leaves_temple_mockup
D:2:      lemuel_doored_altar, bloody_trog, uniq_natasha
D:3:      overflow_temple_1_default
D:4:      kennysheep_mini, first_ration, dk_noncrumbling_3
D:5:      kennysheep_little_box, serial_shops, nicolae_shop_waterfront
D:6:      temple_hall, portal_sewer_entry_e, lemuel_blue_sif_altar
D:7:      grunt_temple_overflow_lords_of_destruction, serial_shops, shop
D:8:      nicolae_overflow_quartered_altars, yredelemnul_altar_generic,
          basic_altar
D:9:      nicolae_qazlal_general_emergency, lair_entry_dummy, grunt_livestock,
          uniq_pikel
D:11:     erik_orc_2, uniq_grum
Temple:   nicolae_temple_figure_zero
Lair:1:   nicolae_lair_grove_arrangements, beast_lair_carwin_11
Lair:2:   swamp_mist
Lair:3:   nicolae_spider_entry_tight_spaces
Lair:4:   gammafunk_ghost_hydra_chop, forest_entry_grove
Sewer:    kennysheep_door_sewer

Skill      XL: |  1  2  3  4  5  6  7  8  9 10 11 12 |
---------------+-------------------------------------+-----
Earth Magic    | 3 4 5 |  5.0
Spellcasting   | 3 4 8 11 14 15 16 | 16.0
Transmutations | 3 4 5 |  5.0
Short Blades   | 1 2 3 5 6 |  6.2
Stealth        | 8 10 | 10.0
Dodging        | 6 12 | 12.4
Fighting       | 2 6 8 |  8.6
Shields        | |  0.1

Action                   |  1- 3 |  4- 6 |  7- 9 | 10-12 || total
-------------------------+-------+-------+-------+-------++-------
Melee: Mace              |    84 |     6 |       |       ||    90
       Dagger            |       |    17 |   142 |   363 ||   522
 Cast: Sandblast         |     9 |    57 |   184 |   107 ||   357
       Passwall          |       |     8 |    12 |    31 ||    51
       Petrify           |       |     1 |    13 |   124 ||   138
       Lee's Rapid Decon |       |       |       |    34 ||    34
Evoke: Wand              |       |       |       |     2 ||     2
  Use: Scroll            |       |     8 |     3 |       ||    11
       Potion            |       |       |     3 |     1 ||     4
 Stab: Sleeping          |     5 |     7 |    17 |    44 ||    73
       Petrified         |       |     1 |    14 |    70 ||    85
       Petrifying        |       |       |     6 |    32 ||    38
       Distracted        |       |       |       |     2 ||     2
  Eat: Ration            |       |       |     2 |     6 ||     8
Armor: Robe              |    26 |     6 |     3 |       ||    35
       Animal skin       |       |       |    15 |    26 ||    41
Dodge: Dodged            |    95 |    46 |   153 |   275 ||   569

Table legend:
 A = Spawn XP
 B = Non-spawn XP
 C = Spawn XP percentage of total XP
 D = Spawn monster count
 E = Non-spawn monster count
 F = Spawn count percentage of total count
 G = Total turns spent on level
                    A         B        C        D         E        F      G
               +---------+---------+-------+---------+---------+-------+---------
         Total |       0 |   36184 |   0.0 |       0 |     389 |   0.0 | 15157
               +---------+---------+-------+---------+---------+-------+---------
           D:1 |       0 |      28 |   0.0 |       0 |      20 |   0.0 |   791
           D:2 |       0 |     287 |   0.0 |       0 |      31 |   0.0 |   713
           D:3 |       0 |     279 |   0.0 |       0 |      39 |   0.0 |   922
           D:4 |       0 |      89 |   0.0 |       0 |       8 |   0.0 |   617
           D:5 |       0 |    1110 |   0.0 |       0 |      29 |   0.0 |   951
           D:6 |       0 |     882 |   0.0 |       0 |      24 |   0.0 |  1380
           D:7 |       0 |     550 |   0.0 |       0 |      13 |   0.0 |   974
           D:8 |       0 |    2094 |   0.0 |       0 |      16 |   0.0 |  1048
           D:9 |       0 |    4027 |   0.0 |       0 |      29 |   0.0 |  1162
          D:10 |       0 |    2617 |   0.0 |       0 |      42 |   0.0 |   904
          D:11 |       0 |   10647 |   0.0 |       0 |      69 |   0.0 |  2155
        Lair:1 |       0 |    1485 |   0.0 |       0 |      10 |   0.0 |   636
        Lair:2 |       0 |    2274 |   0.0 |       0 |      10 |   0.0 |   660
        Lair:3 |       0 |    2958 |   0.0 |       0 |      13 |   0.0 |  1037
        Lair:4 |       0 |    6721 |   0.0 |       0 |      30 |   0.0 |   977
         Sewer |       0 |     136 |   0.0 |       0 |       6 |   0.0 |   172
               +---------+---------+-------+---------+---------+-------+---------
